 Dungeon Crawl Stone Soup version 0.31-a0-1612-g4aaf141004 (webtiles) character file.

Game seed: 15069271283181959099

1596 gelatine the Skirmisher (level 8, -2/59 (70) HPs)
             Began as a Minotaur Hunter on Jan 10, 2024.
             Slain by a wight
             ... wielding a +0 morningstar
              (13 damage)
             ... on level 6 of the Dungeon.
             The game lasted 00:12:23 (5150 turns).

gelatine the Skirmisher (Minotaur Hunter)           Turns: 5150, Time: 00:12:24

HP:   -2/59 (70)    AC:  7    Str: 23    XL:     8   Next: 62%
MP:   8/8           EV: 14    Int:  4    God:
Gold: 415           SH:  0    Dex: 27    Spells: 9/9 levels left

rFire   . . .        w - +12 glaive of Prune {freeze, Prune}
rCold   . . .        (shield currently unavailable)
rNeg    . . .        v - +0 ring mail of Proximity {rElec rPois Str+6 Int-2}
rPois   +            (helmet restricted)
rElec   +            (no cloak)
rCorr   .            h - +1 pair of gloves
SInv    .            (no boots)
Will    .....        (no amulet)
Stlth   ++           s - +6 ring of dexterity
HPRegen 0.29/turn    e - +6 ring of dexterity
MPRegen 0.11/turn

%: no passive effects
@: heavily drained
A: horns 2, retaliatory headbutt
a: no special abilities


You were on level 6 of the Dungeon.
You visited 2 branches of the dungeon, and saw 7 of its levels.
You also visited: Sewer.

You collected 415 gold pieces.

Inventory:

Hand Weapons
 a - a +0 shortbow
 m - the +3 mace "Ifihunich" {heavy, Fly Str+2 Int+2}
   (You found it on level 2 of the Dungeon)

   Str+2:     It affects your strength (+2).
   Int+2:     It affects your intelligence (+2).
   Fly:       It grants you flight.
 r - a +0 sling
 w - the +12 glaive of Prune (weapon) {freeze, Prune}
   (You found it on level 6 of the Dungeon)

   Prune:     It halves damage taken while paralysed, petrified or unconscious.
Armour
 c - a +0 leather armour
 h - a +1 pair of gloves (worn)
 t - a +0 tower shield
 v - the +0 ring mail of Proximity (worn) {rElec rPois Str+6 Int-2}
   (You found it on level 6 of the Dungeon)

   Str+6:     It affects your strength (+6).
   Int-2:     It affects your intelligence (-2).
   rElec:     It insulates you from electricity.
   rPois:     It protects you from poison
Jewellery
 e - a +6 ring of dexterity (right hand)
 s - a +6 ring of dexterity (left hand)
Wands
 q - a wand of iceblast (19)
Scrolls
 b - 5 scrolls of teleportation
 d - 3 scrolls of poison
 i - a scroll of amnesia
 k - a scroll of vulnerability
 n - a scroll of fog {unknown}
 p - 2 scrolls of blinking {unknown}
 u - a scroll of identify
Potions
 f - 2 potions of curing
 g - 2 potions of heal wounds {unknown}
 j - a potion of berserk rage
 l - 3 potions of cancellation {unknown}
 o - a potion of ambrosia {unknown}
 x - a potion of haste {unknown}


   Skills:
 * Level 5.7 Fighting
 + Level 10.0 Ranged Weapons
 * Level 3.0 Armour
 * Level 4.1 Dodging
 + Level 1.1 Stealth
 * Level 2.3 Shields
 * Level 1.1 Spellcasting
 * Level 1.3 Evocations


You had 9 spell levels left.
You didn't know any spells.
Your spell library contained the following spells:

 Spells                   Type           Power      Damage    Failure   Level
 Apportation              Tloc           0%         N/A       63%         1
 Necrotise                Necr           0%         1d4       63%         1
 Sting                    Conj/Alch      0%         1d3       63%         1
 Summon Small Mammal      Summ           0%         N/A       63%         1
 Blink                    Tloc           0%         N/A       77%         2
 Lesser Beckoning         Tloc           0%         N/A       77%         2
 Momentum Strike          Conj/Tloc      0%         3d8       77%         2
 Dazzling Flash           Conj/Hex       0%         N/A       94%         3
 Frozen Ramparts          Ice            0%         1d1       94%         3
 Gell's Gravitas          Tloc           0%         N/A       94%         3
 Teleport Other           Tloc           0%         N/A       94%         3
 Volatile Blastmotes      Fire/Tloc      0%         2d10      94%         3
 Ignite Poison            Fire/Alch      0%         N/A       100%        4
 Leda's Liquefaction      Alch/Erth      0%         N/A       100%        4
 Petrify                  Alch/Erth      0%         N/A       100%        4
 Sticky Flame             Fire/Alch      0%         2d4       100%        4
 Vhi's Electric Charge    Tloc/Air       0%         N/A       100%        4
 Arcjolt                  Conj/Air       0%         1d10      100%        5
 Metabolic Englaciation   Hex/Ice        0%         N/A       100%        5
 Dispersal                Tloc           0%         N/A       100%        6
 Starburst                Conj/Fire      0%         6d3       100%        6
 Ignition                 Fire           0%         3d3       100%        8
 Maxwell's Capacitive Co  Air            0%         ∞         100%        8


Dungeon Overview and Level Annotations

Branches:
Dungeon (6/15)             Temple (1/1) D:5           Sewer (visited)

Altars:
Ashenzari
Cheibriados
Dithmenos
Elyvilon
Fedhas
Gozag
Hepliaklqana
Kikubaaqudgha
Makhleb
Nemelex Xobeh
Okawaru
Qazlal
Ru
Sif Muna
Trog
Uskayaw
Vehumet
Wu Jian
Zin
The Shining One

Shops:
D:3 (   D:4 *

Annotations:
D:4 1 runed translucent door, jfitz's ghost, amateur DrCj


Innate Abilities, Weirdness & Mutations

You have a pair of horns on your head.
You reflexively headbutt those who attack you in melee.


Message History

The wight misses you. The wight barely misses you. You furiously retaliate!
You headbutt the wight!
You destroy the wight!
Your Armour skill increases to level 3!
The adder bites you but does no damage. The adder misses you.
You furiously retaliate!
You headbutt the adder. The adder closely misses you. You furiously retaliate!
You headbutt the adder!
You kill the adder!
The wight misses you. The wight barely misses you. The wight barely misses you.
The wight hits you but does no damage. The wight barely misses you.
The wight misses you. The wight completely misses you.
The wight hits you with a +0 morningstar!
* * * LOW HITPOINT WARNING * * *
You feel drained.
* * * LOW HITPOINT WARNING * * *
The wight closely misses you. The wight barely misses you.
The wight misses you.
The wight hits you with a +0 morningstar.
* * * LOW HITPOINT WARNING * * *
The wight hits you with a +0 morningstar.
* * * LOW HITPOINT WARNING * * *
The wight barely misses you. The wight hits you but does no damage.
The wight barely misses you. The wight misses you. You furiously retaliate!
You headbutt the wight. The wight barely misses you.
The wight barely misses you. The wight barely misses you.
You furiously retaliate!
You headbutt the wight, but do no damage.
The wight closely misses you.
The wight hits you with a +0 morningstar.
* * * LOW HITPOINT WARNING * * *
You feel drained.
The wight hits you with a +0 morningstar!
You die...

#.......# #...z# #...#
#...# #...# ####...# #####
#......# #...
#.....#####.### .#
###..÷...z@.....# .#
##.#.....###.#.#.##.#
#....<...###.#.#....#
##.##........#......##
#.##.#####..#.....[.#
#.##.#####..........#
#####.##.##.............#
#.....##.##.##.##.#).).##
###.######.......##.#))).#


You could see a wight.

Vanquished Creatures
  Menkaure (D:5)
  2 ice beasts
  2 sky beasts (D:6)
  A crocodile (Sewer)
  A brain worm (Sewer)
  A kobold brigand (D:6)
  2 scorpions
  A wight (D:6)
  4 hounds
  2 jellies
  4 orc priests
  2 bombardier beetles
  A sleepcap (D:5)
  Jessica (D:3)
  3 orc wizards
  An iguana (D:5)
  10 adders
  2 white imps (D:5)
  12 orcs
  10 bats
  12 endoplasms
  3 giant cockroaches
  4 goblins
  8 hobgoblins
  3 jackals (D:1)
  17 kobolds
  3 quokkas
  5 ball pythons
  4 frilled lizards
  3 rats (D:1)
125 creatures vanquished.

Notes
Turn   | Place    | Note
-------+----------+-------------------------------------------
     0 | D:1      | gelatine the Minotaur Hunter began the quest for the Orb.
     0 | D:1      | Reached XP level 1. HP: 18/18 MP: 0/0
   226 | D:1      | Reached XP level 2. HP: 23/25 MP: 1/1
   232 | D:1      | Reached skill level 5 in Ranged Weapons
   801 | D:2      | Reached XP level 3. HP: 30/30 MP: 2/2
   825 | D:2      | Found a hide-covered altar of Uskayaw.
   825 | D:2      | Found an opulent altar of Gozag.
   825 | D:2      | Found a hazy altar of Hepliaklqana.
   825 | D:2      | Found a shadowy altar of Dithmenos.
   825 | D:2      | Found a sparkling altar of Nemelex Xobeh.
   825 | D:2      | Found a broken altar of Ashenzari.
   858 | D:2      | Reached XP level 4. HP: 33/37 MP: 3/3
  1133 | D:2      | Identified the +3 mace "Ifihunich" {heavy, Fly Str+2 Int+2}
  1150 | D:2      | Reached skill level 6 in Ranged Weapons
  1374 | D:2      | Found a stormy altar of Qazlal.
  1639 | D:3      | Found Wakemaf's Weapon Shop.
  1843 | D:3      | Noticed Jessica
  1846 | D:3      | Killed Jessica
  1847 | D:3      | Reached XP level 5. HP: 45/45 MP: 4/4
  1893 | D:3      | Noticed an ice beast
  1904 | D:3      | HP: 2/45 [ice beast (6)]
  1906 | D:3      | Killed an ice beast
  1907 | D:3      | Reached skill level 7 in Ranged Weapons
  1907 | D:3      | Reached skill level 1 in Armour
  2163 | D:3      | Found a faded altar of an unknown god.
  2203 | D:3      | Reached XP level 6. HP: 52/52 MP: 5/5
  2885 | D:4      | Found a runed translucent door.
  2887 | D:4      | Noticed jfitz's ghost (amateur DrCj)
  2914 | D:4      | Found Alaotao's General Store.
  2928 | D:4      | Found a glowing drain.
  2965 | Sewer    | Entered a sewer
  2990 | Sewer    | Reached skill level 8 in Ranged Weapons
  2990 | Sewer    | Reached XP level 7. HP: 54/59 MP: 4/6
  3195 | D:4      | Reached skill level 1 in Stealth
  3586 | D:5      | Entered Level 5 of the Dungeon
  3590 | D:5      | Noticed Menkaure
  3594 | D:5      | Killed Menkaure
  3595 | D:5      | Reached skill level 9 in Ranged Weapons
  3820 | D:5      | Found a staircase to the Ecumenical Temple.
  3830 | Temple   | Entered the Ecumenical Temple
  4097 | D:5      | Reached XP level 8. HP: 27/67 MP: 7/7
  4299 | D:5      | Reached skill level 5 in Fighting
  4486 | D:5      | Reached skill level 1 in Shields
  4833 | D:6      | Reached skill level 1 in Spellcasting
  4833 | D:6      | Reached skill level 1 in Evocations
  4836 | D:6      | Found the +12 glaive of Prune {freeze, Prune}
  4839 | D:6      | Identified the +0 ring mail of Proximity {rElec rPois Str+6
                  | Int-2}
  4879 | D:6      | Reached skill level 10 in Ranged Weapons
  5078 | D:6      | Found a hide-covered altar of Uskayaw.
  5078 | D:6      | Found a bloodstained altar of Trog.
  5083 | D:6      | Found a snail-covered altar of Cheibriados.
  5083 | D:6      | Found a shimmering blue altar of Sif Muna.
  5150 | D:6      | Slain by a wight

Illustrated notes

Levels and vault maps discovered:
D:1:      scummos_arrival_forest, layout_basic, dreamdust_princess_corridor,
          minmay_tromino_v2
D:2:      cheibrodos_fertilizer, layout_loops_ring, basic_altar,
          chequers_big_river
D:3:      layout_basic, serial_shops, nicolae_shop_pleasant_corner_grove,
          shapermc_ecumenical_altar_pompeii, minivault_5, minmay_misc_feat_chi,
          nicolae_underground_beach, uniq_jessica
D:4:      layout_rooms, ebering_ghost_sewer_d, portal_sewer_entry_d,
          serial_shops, nicolae_shop_tiny_statue_garden
D:5:      layout_basic, minmay_temple_entry_ruins, serial_bayou_lagoon_a,
          small_statue_intersection, interstate_on_off,
          chequers_serial_rivers_micro_c, uniq_menkaure
D:6:      layout_loops_cross, grunt_temple_overflow_open, serial_shops,
          nicolae_shop_pleasant_corner_grove, nicolae_figureground_sparkle
Temple:   eino_temple_scatter_basement

Skill      XL: |  1  2  3  4  5  6  7  8 |
---------------+-------------------------+-----
Ranged Weapons | 5 6 7 8 9 10 | 10.0
Fighting       | 3 4 5 |  5.7
Armour         | 1 2 3 |  3.0
Dodging        | 3 4 |  4.1
Stealth        | 1 |  1.1
Shields        | 2 |  2.3
Spellcasting   | 1 |  1.1
Evocations     | 1 |  1.3

Action                     |  1- 3 |  4- 6 |  7- 9 || total
---------------------------+-------+-------+-------++-------
   Fire: Shortbow          |    61 |   162 |   213 ||   436
    Use: Scroll            |       |     7 |     3 ||    10
 Armour: Leather armour    |    13 |    34 |    41 ||    88
         Ring mail         |       |       |    60 ||    60
  Dodge: Dodged            |    16 |    42 |    84 ||   142

Table legend: (Time is in decaauts)
 A = Elapsed time spent in this place.
 B = Non-inter-level travel time spent in this place.
 C = Inter-level travel time spent in this place.
 D = Time resting spent in this place.
 E = Time spent auto-exploring this place.
 F = Levels seen in this place.
 G = Mean time per level.
                   A        B        C        D        E       F      G
               +--------+--------+--------+--------+--------+-----+--------+
         Total |   5189 |   5024 |    165 |      0 |   4109 |   8 |  648.6 |
       Dungeon |   4979 |   4814 |    165 |      0 |   3945 |   6 |  829.8 |
        Temple |      1 |      1 |      0 |      0 |      0 |   1 |    1.0 |
         Sewer |    208 |    208 |      0 |      0 |    164 |   1 |  208.0 |
               +--------+--------+--------+--------+--------+-----+--------+

Top non-repeatable levels by time:
     D:5: 1145 daAuts
     D:2: 1036 daAuts
     D:3: 948 daAuts
     D:1: 767 daAuts
     D:4: 668 daAuts
     D:6: 412 daAuts
   Sewer: 208 daAuts
  Temple: 1 daAuts
